Map: Bridgehead LE (Void)

Players

TheChemist - Winner!

  • Race: Protoss Protoss
  • League: Bronze

timetotiao

  • Race: Zerg Zerg
  • League: Grandmaster

VOD

Have the link to the VOD?

Description

Time

  • Played on: Sept. 26, 2015, 2:14 a.m.
  • Length: 14:43
Show
View Real Time Build Order
Export as new Build Order

TheChemist Protoss - Winner!

Build Orders: 1 Gate Expand 

Get SALT Encoding   

  12  0:00  Probe (Chrono Boost)  
  13  0:10  Probe (Chrono Boost)  
  14  0:20  Pylon  
  14  0:22  Probe (Chrono Boost)  
  15  0:38  Probe (Chrono Boost)  
  15  0:40  Gateway  
  16  0:48  Probe (Chrono Boost)  
  17  0:52  Assimilator  
  17  0:58  Probe (Chrono Boost)  
  18  1:07  Gateway  
  18  1:08  Probe (Chrono Boost)  
  19  1:18  Probe (Chrono Boost)  
  20  1:39  Nexus  
  20  1:48  Probe (Chrono Boost), Pylon  
  21  2:01  Cybernetics Core  
  21  2:06  Assimilator  
  21  2:09  Probe (Chrono Boost)  
  22  2:22  Probe (Chrono Boost), Pylon  
  23  2:34  Probe (Chrono Boost)  
  24  2:41  Adept x2  
  28  2:46  Mothership Core (Chrono Boost)  
  30  2:52  Probe (Chrono Boost)  
  30  2:56  Warp Gate (Chrono Boost)  
  31  3:02  Probe (Chrono Boost)  
  31  3:03  Probe (Chrono Boost)  
  33  3:19  Probe (Chrono Boost)  
  33  3:20  Probe (Chrono Boost)  
  33  3:25  Pylon  
  35  3:29  Probe (Chrono Boost)  
  35  3:30  Probe (Chrono Boost), Robotics Facility  
  37  3:39  Probe (Chrono Boost)  
  38  3:44  Gateway  
  38  3:49  Pylon  
  38  3:56  Probe x2 (Chrono Boost)  
  40  4:06  Probe (Chrono Boost)  
  41  4:10  Gateway  
  41  4:11  Gateway  
  41  4:15  Gateway  
  41  4:18  Gateway  
  41  4:22  Stalker  
  43  4:34  Probe (Chrono Boost)  
  43  4:35  Probe (Chrono Boost)  
  45  4:40  Warp Prism (Chrono Boost)  
  47  4:46  Probe  
  48  4:55  Probe  
  48  4:58  Probe  
  46  5:02  Assimilator  
  46  5:05  Pylon  
  46  5:14  Observer (Chrono Boost)  
  46  5:18  Adept x4  
  55  5:27  Stalker x2  
  55  5:28  Sentry  
  61  6:14  Adept x4  
  69  6:37  Forge  
  69  6:40  Pylon  
  69  6:59  Zealot x2  
  69  7:00  Zealot x2  
  77  7:11  Photon Cannon  
  75  7:20  Stalker  
  75  7:21  Stalker x3  
  75  7:40  Photon Cannon  
  71  7:44  Stalker x2  
  71  7:45  Zealot  
  71  7:49  Mothership Core  
  71  7:56  Photon Cannon  
  69  8:05  Stalker x2  
  69  8:06  Stalker x2  
  69  8:08  Probe  
  69  8:09  Probe  
  75  8:26  Adept  
  77  8:35  Pylon  
  77  8:40  Adept  
  77  8:41  Pylon  
  78  8:54  Stalker  
  78  8:55  Stalker x2  
  77  9:16  Pylon  
  72  9:17  Stalker x3  
  72  9:18  Stalker x2  
  82  9:42  Assimilator  
  82  9:45  Zealot x4  
  86  9:46  Zealot  
  92  9:56  Warp Prism (Chrono Boost)  
  68  10:23  Stalker  
  68  10:24  Stalker x4  
  74  10:29  Twilight Council  
  62  10:47  Pylon x2  
  62  10:53  Stalker x4  
  62  10:54  Stalker  
  70  11:04  Nexus  
  70  11:07  Pylon  
  70  11:08  Pylon  
  70  11:10  Pylon, Photon Cannon  
  70  11:14  Photon Cannon  
  70  11:18  Photon Cannon x2  
  68  11:35  Pylon  
  66  11:45  Photon Cannon  
  66  11:48  Photon Cannon  
  66  11:49  Photon Cannon  
  66  11:51  Photon Cannon  
  66  11:52  Blink (Chrono Boost)  
  66  11:54  Photon Cannon  
  66  11:59  Photon Cannon  
  66  12:01  Protoss Ground Weapons Level 1  
  66  12:03  Stalker x3  
  65  12:12  Probe x2  
  60  12:24  Mothership Core, Probe  
  60  12:26  Adept x2  
  60  12:27  Adept  
  69  12:36  Probe, Pylon  
  70  12:37  Pylon  
  70  12:38  Probe  
  70  12:39  Pylon  
  62  13:07  Probe  
  63  13:19  Mothership Core, Probe  
  65  13:24  Probe  
  65  13:25  Stalker x3  
  65  13:26  Stalker x2  
  77  13:29  Probe  
  77  13:33  Photon Cannon  
  72  13:39  Probe  
  72  13:45  Photon Cannon  
  67  13:52  Stalker  
  57  14:32  Stalker x4  
  57  14:33  Stalker x2  
Show
View Real Time Build Order
Export as new Build Order

timetotiao Zerg 

Build Orders: Hatch First 

Get SALT Encoding   

  12  0:01  Drone  
  13  0:07  Drone  
  14  0:17  Overlord  
  14  0:35  Drone x3  
  17  0:55  Drone  
  18  1:00  Hatchery, Drone  
  18  1:14  Spawning Pool  
  17  1:19  Drone x2  
  19  1:25  Extractor  
  19  1:29  Drone  
  19  1:48  Drone  
  19  1:53  Drone  
  21  2:01  Drone, Extractor  
  21  2:06  Hatchery, Queen  
  22  2:12  Zergling x2  
  23  2:16  Drone  
  24  2:25  Drone  
  25  2:34  Drone x2  
  27  2:42  Overlord  
  27  2:47  Drone  
  28  2:52  Overlord  
  28  2:59  Queen  
  30  3:06  Drone x2, Spore Crawler  
  30  3:17  Zergling x6  
  33  3:24  Lair  
  33  3:26  Zergling x2  
  33  3:29  Drone  
  33  3:31  Drone  
  33  3:33  Drone  
  36  3:38  Drone  
  36  3:39  Drone  
  38  3:43  Drone  
  39  3:52  Zergling x2  
  39  3:53  Zergling x4  
  42  3:58  Metabolic Boost  
  42  4:03  Zergling x4  
  42  4:04  Zergling x2  
  42  4:08  Drone  
  42  4:09  Drone x2  
  48  4:13  Zergling x2  
  49  4:27  Drone  
  49  4:29  Overlord x2  
  50  4:36  Overlord x2, Extractor  
  49  4:45  Spine Crawler  
  48  4:47  Zergling x6  
  48  4:49  Spine Crawler  
  49  4:55  Zergling x4  
  49  4:56  Zergling x8  
  54  5:03  Drone  
  54  5:04  Drone  
  54  5:05  Drone  
  57  5:09  Spire  
  56  5:17  Zergling x2  
  57  5:29  Zergling x2  
  57  5:30  Drone  
  57  5:45  Zergling x2  
  56  5:54  Drone x3  
  59  5:59  Queen  
  61  6:05  Hatchery  
  56  6:25  Zergling x6  
  58  6:26  Mutalisk x4  
  58  6:27  Spore Crawler  
  58  6:30  Mutalisk x2, Spore Crawler  
  58  6:31  Mutalisk x4  
  76  6:36  Drone  
  76  6:37  Extractor  
  75  6:57  Drone x2, Mutalisk  
  75  6:58  Mutalisk  
  79  7:03  Drone x4  
  77  7:39  Mutalisk x4  
  73  7:54  Mutalisk  
  69  8:13  Mutalisk x2  
  69  8:17  Drone x3  
  72  8:28  Mutalisk  
  72  8:29  Mutalisk  
  76  8:36  Drone  
  77  8:52  Mutalisk x2  
  79  9:11  Mutalisk  
  79  9:26  Drone x3  
  79  9:28  Extractor  
  79  9:29  Overlord x3, Extractor  
  80  9:42  Zerg Flyer Weapons Level 1  
  80  9:49  Zergling x2  
  80  9:50  Zergling x2  
  73  10:06  Mutalisk  
  73  10:07  Mutalisk x2  
  69  10:13  Mutalisk  
  69  10:14  Mutalisk  
  76  10:29  Zergling x4  
  78  10:46  Hatchery  
  78  10:48  Mutalisk x5  
  87  10:59  Drone  
  88  11:04  Drone  
  88  11:05  Queen  
  91  11:11  Mutalisk x3  
  93  11:38  Mutalisk x2  
  95  11:46  Zerg Flyer Weapons Level 2  
  95  12:06  Mutalisk  
  95  12:07  Mutalisk x2  
  99  12:23  Drone  
  99  12:24  Drone x2  
  102  12:35  Mutalisk  
  102  13:03  Mutalisk x2  
  102  13:15  Mutalisk x2  
  100  13:32  Drone x2  
  102  13:38  Mutalisk  
  98  13:50  Overlord x4  
  98  13:54  Zergling x4  
  99  14:04  Mutalisk  
  89  14:12  Mutalisk  
Tags
 
Add a new tag
Caveats
  • Supply blocks, unpowered buildings, or Contaminate may cause inaccurate times.
  • Supply counts are checked every 10 seconds.